Map: Dusk Towers

Players

AcerBly (Bly) - Winner!

  • Race: Zerg Zerg
  • League: Master

hydra

  • Race: Zerg Zerg
  • League: Platinum

Event: DreamHack ZOWIE Open Leipzig

VOD

Have the link to the VOD?

Description

Time

  • Played on: Jan. 23, 2016, 12:18 p.m.
  • Length: 6:23

All games in this series

Show
View Real Time Build Order
Export as new Build Order

AcerBly Zerg - Winner!

Build Orders: 14 gas / 14 pool, Pool First, Zergling Baneling 

Get SALT Encoding   

  12  0:00  Drone  
  13  0:08  Drone  
  14  0:14  Extractor  
  13  0:29  Spawning Pool  
  13  0:32  Drone  
  13  0:36  Drone  
  14  0:46  Drone, Extractor  
  15  0:53  Overlord  
  15  1:15  Queen, Zergling x2  
  18  1:19  Metabolic Boost  
  18  1:23  Zergling x2  
  19  1:28  Zergling x2  
  20  1:38  Baneling Nest  
  19  1:40  Zergling x2  
  19  1:44  Zergling x2  
  21  1:53  Overlord  
  21  2:05  Zergling x2  
  21  2:14  Zergling x2  
  22  2:24  Zergling x8  
  26  2:36  Zergling x2  
  27  2:43  Baneling x4  
  27  2:49  Zergling x2  
  28  2:51  Baneling  
  26  3:07  Zergling x8  
  28  3:19  Zergling x2  
  29  3:27  Baneling x2  
  29  3:29  Zergling x2  
  30  3:41  Zergling x4  
  29  3:52  Zergling x2  
  29  3:54  Baneling x2  
  29  4:00  Overlord  
  29  4:07  Overlord  
  26  4:22  Zergling x2  
  26  4:23  Zergling x4  
  27  4:25  Baneling x3  
  27  4:33  Zergling x2  
  27  4:36  Hatchery  
  20  4:54  Zergling x8  
  24  5:05  Zergling x4  
  25  5:07  Baneling  
  25  5:08  Baneling  
  25  5:12  Zergling x2  
  24  5:25  Zergling x4  
  24  5:33  Zergling x2  
  25  5:42  Zergling x8  
  29  5:45  Baneling  
  29  5:46  Baneling  
  29  5:48  Baneling  
  29  5:52  Baneling  
  29  6:01  Baneling  
  29  6:03  Drone x2  
Show
View Real Time Build Order
Export as new Build Order

hydra Zerg 

Build Orders: Pool First 

Get SALT Encoding   

  12  0:17  Spawning Pool  
  11  0:22  Drone  
  11  0:26  Drone  
  13  0:31  Drone  
  14  0:39  Overlord  
  14  1:04  Queen, Zergling x4  
  16  1:05  Zergling x2  
  19  1:16  Zergling x2  
  20  1:26  Zergling x2  
  20  1:32  Hatchery  
  20  1:37  Drone  
  21  1:48  Overlord  
  21  1:58  Drone  
  21  2:10  Drone  
  21  2:11  Queen  
  21  2:12  Drone  
  25  2:17  Drone  
  25  2:18  Spine Crawler  
  25  2:20  Drone  
  26  2:29  Drone  
  27  2:44  Spine Crawler  
  27  2:46  Zergling x2  
  27  2:47  Queen  
  27  2:48  Zergling x2  
  27  2:50  Zergling x2  
  31  2:54  Zergling x2  
  32  2:59  Zergling x2  
  32  3:03  Drone x2  
  32  3:06  Drone  
  32  3:08  Drone  
  29  3:23  Queen  
  29  3:26  Zergling x2  
  28  3:27  Zergling x2  
  28  3:28  Zergling x2  
  28  3:32  Zergling x2  
  30  3:36  Zergling x2  
  30  3:37  Zergling x2  
  29  3:51  Zergling x4  
  28  3:59  Queen  
  28  4:02  Zergling x2  
  29  4:05  Zergling x2  
  29  4:08  Zergling x2  
  29  4:10  Zergling x2  
  29  4:13  Zergling x2  
  24  4:26  Zergling x2  
  24  4:34  Queen  
  25  4:45  Zergling x2  
  23  4:50  Zergling x2  
  21  4:59  Zergling x2  
  21  5:10  Queen  
  23  5:17  Zergling x2  
  23  5:21  Zergling x2  
  23  5:28  Zergling x2  
  23  5:40  Zergling x2  
  23  5:41  Zergling x2  
  25  5:44  Zergling x2  
  25  5:46  Queen  
  25  5:47  Zergling x2  
  29  5:53  Zergling x2  

Tags
 
Add a new tag
Caveats
  • Supply blocks, unpowered buildings, or Contaminate may cause inaccurate times.
  • Supply counts are checked every 10 seconds.